 Dungeon Crawl Stone Soup version 0.23.2-1-ga50397a (webtiles) character file.

Game seed: 7957252458583353822

30 diana the Twirler (level 3, -4/28 HPs)
             Began as a Demonspawn Gladiator on May 22, 2019.
             Slain by Natasha (8 damage)
             ... on level 2 of the Dungeon.
             The game lasted 00:01:00 (942 turns).

diana the Twirler (Demonspawn Gladiator)             Turns: 942, Time: 00:01:01

Health: -4/28      AC:  6    Str: 15    XL:     3   Next: 3%
Magic:  3/3        EV: 15    Int:  9    God:
Gold:   25         SH:  0    Dex: 14    Spells: 2/2 levels left

rFire    . . .     SeeInvis .   a - +0 quarterstaff
rCold    . . .     Gourm    .   (shield currently unavailable)
rNeg     . . .     Faith    .   b - +0 leather armour
rPois    .         Spirit   .   c - +0 helmet
rElec    .         Reflect  .   (no cloak)
rCorr    .         Harm     .   i - +1 pair of gloves
MR       .....                  (no boots)
Stlth    +.........             (no amulet)
HPRegen  0.09/turn              (no ring)
MPRegen  0.08/turn              (no ring)

@: no status effects
A: repulsion field 1, blink, blurry vision 1, powered by death 1
a: Blink


You were on level 2 of the Dungeon.
You were not hungry.

You visited 1 branch of the dungeon, and saw 2 of its levels.

You collected 25 gold pieces.

Inventory:

Hand Weapons
 a - a +0 quarterstaff (weapon)
Missiles
 d - 3 throwing nets (quivered)
Armour
 b - a +0 leather armour (worn)
 c - a +0 helmet (worn)
 i - a +1 pair of gloves (worn)
Jewellery
 e - a cursed ring of protection from cold {unknown}
Scrolls
 h - a scroll of fog {unknown}
 k - a scroll of identify {unknown}
 l - a scroll of remove curse {unknown}
Potions
 j - a potion of mutation
Comestibles
 f - 4 rations


   Skills:
 + Level 2.4 Fighting
 + Level 3.0 Staves
 - Level 1.7 Throwing
 + Level 1.0 Armour
 + Level 3.0 Dodging


You had 2 spell levels left.
You didn't know any spells.
Your spell library was empty.

Dungeon Overview and Level Annotations

Branches:
Dungeon (2/15)

Altars:
Qazlal

Annotations:
D:2 Natasha


Innate Abilities, Weirdness & Mutations

You are surrounded by a mild repulsion field. (EV +2)
You regenerate a little health from kills.
You can translocate small distances at will.
Scrolls take you a little longer to read.


Message History

You closely miss Natasha.
Natasha is heavily wounded.
Natasha casts a spell.
The crimson imp blinks!
Natasha completely misses you.
You miss Natasha.
Natasha is heavily wounded.
Natasha claws you.
* * * LOW HITPOINT WARNING * * *
Natasha misses you.
It was a potion of mutation.
You feel extremely strange.
Your vision blurs.
You feel jittery.
The crimson imp blinks!
Natasha stares at you and mumbles some strange words.
The magic dart hits you but does no damage.
It was a potion of cancellation.
Your magical effects are unravelling.
You feel magically purged.
You feel yourself speed up. Natasha claws you but does no damage.
Natasha claws you!
You die...

#..#.....##.#
#....#####..#
####.#.## #.##
.....#. #.#
....##.######.#######
###.#..........?....#
# #.#.>..........##.#
###.# #######.##.#
....# #.##@# ##.##
#.##h# #.# ....5. #.#
...#.## #.# .#.....
##.# .. ... ...# ...
#.# #### ### #..


You could see Natasha and a crimson imp.

Vanquished Creatures
  A giant cockroach (D:1)
  3 goblins
  4 hobgoblins (D:1)
  6 jackals (D:1)
  A ball python (D:1)
  3 bats (D:1)
  A frilled lizard (D:2)
  3 kobolds
  5 rats
27 creatures vanquished.

Notes
Turn   | Place    | Note
-------+----------+-------------------------------------------
     0 | D:1      | diana the Demonspawn Gladiator began the quest for the Orb.
     0 | D:1      | Reached XP level 1. HP: 16/16 MP: 1/1
   185 | D:1      | Gained mutation: You are surrounded by a mild repulsion
                  | field. (EV +2) [demonic ancestry]
   185 | D:1      | Reached XP level 2. HP: 21/22 MP: 2/2
   724 | D:1      | Reached skill level 1 in Armour
   884 | D:2      | Found a stormy altar of Qazlal.
   891 | D:2      | Gained mutation: You regenerate a little health from kills.
                  | [demonic ancestry]
   891 | D:2      | Reached XP level 3. HP: 26/28 MP: 3/3
   929 | D:2      | Noticed Natasha
   941 | D:2      | Gained mutation: Scrolls take you a little longer to read.
                  | [potion of mutation]
   941 | D:2      | Gained mutation: You can translocate small distances at
                  | will. [potion of mutation]
   942 | D:2      | Slain by Natasha

Skill      XL: |  1  2 |
---------------+-------+-----
Staves         | 3 |  3.0
Dodging        | 3 |  3.0
Armour         | 1 |  1.0
Fighting       | |  2.4
Throwing       | |  1.7

Action                   || total
-------------------------++-------
Melee: Quarterstaff      ||    72
  Use: Potion            ||     2
Armor: Leather armour    ||    21
Dodge: Dodged            ||    49
